 Dungeon Crawl Stone Soup version 0.21.1-1-g345015f (webtiles) character file.

68 Tarasboulda the Chiller (level 4, -3/30 HPs)
             Began as a Merfolk Ice Elementalist on June 8, 2018.
             Slain by a human (5 damage)
             ... on level 2 of the Dungeon.
             The game lasted 00:10:15 (2386 turns).

Tarasboulda the Chiller (Merfolk Ice Elementalist)  Turns: 2386, Time: 00:10:16

Health: -3/30      AC:  3    Str:  6 (8)  XL:     4   Next: 19%
Magic:  2/8        EV: 12    Int: 11 (14) God:
Gold:   58         SH:  3    Dex: 13 (15) Spells: 7/8 levels left

rFire    + . .     SeeInvis .   p - +2 dagger (protect)
rCold    + . .     Gourm    .   k - +0 buckler
rNeg     . . .     Faith    .   a - +0 robe
rPois    .         Spirit   .   (no helmet)
rElec    .         Reflect  .   o - scarf {rC+ rF+}
rCorr    .         Harm     .   g - +0 pair of gloves
MR       .....                  (no boots)
Stlth    ++........             m - amulet of rage
HPRegen  0.10/turn              j - ring of flight
MPRegen  0.11/turn              (no ring)

@: no status effects
A: change form in water, swift swim, stealthy swim
a: Evoke Berserk Rage, Evoke Flight


You were on level 2 of the Dungeon.
You were not hungry.

You visited 1 branch of the dungeon, and saw 2 of its levels.

You collected 58 gold pieces.

Inventory:

Hand Weapons
 p - a +2 dagger of protection (weapon)
 q - a +0 spear
Missiles
 d - a throwing net (quivered)
Armour
 a - a +0 robe (worn)
 g - a +0 pair of gloves (worn)
 k - a +0 buckler (worn)
 o - a scarf of resistance (worn)
Jewellery
 j - a ring of flight (left hand)
 m - an amulet of rage (around neck)
Scrolls
 l - 2 scrolls of identify {unknown}
Potions
 e - a potion of degeneration
 f - 2 potions of cancellation {unknown}
 h - a potion of magic {unknown}
 i - a potion of agility {unknown}
 n - a potion of lignification {unknown}
 r - a potion of flight {unknown}
Books
 b - a book of Frost

   Spells                             Type                      Level
   a - Freeze                         Ice                          1
   b - Throw Frost                    Conjuration/Ice              2
   c - Ozocubu's Armour               Charms/Ice                   3
   d - Throw Icicle                   Conjuration/Ice              4
   e - Summon Ice Beast               Ice/Summoning                4
Comestibles
 c - 2 rations


   Skills:
 * Level 0.2 Polearms
 + Level 3.3 Dodging
 + Level 2.6 Stealth
 - Level 2.7 Spellcasting
   Level 0.7 Conjurations
 + Level 4.3 Ice Magic


You had 7 spell levels left.
You knew the following spells:

 Your Spells              Type           Power        Failure   Level  Hunger
a - Freeze                Ice            ##..         8%          1    ##.....


Dungeon Overview and Level Annotations

Branches:
Dungeon (2/15)

Altars:
Elyvilon
Ru
Yredelemnul


Message History

Aiming: Freeze
Press: ? - help, Shift-Dir - straight line, f/p - human
Aim: a human (heavily wounded)
You freeze the human.
The human is heavily wounded.
The human hits you!
* * * LOW HITPOINT WARNING * * *
Casting: Freeze
Confirm with . or Enter, or press ? or * to list all spells.
Aiming: Freeze
Press: ? - help, Shift-Dir - straight line, f/p - human
Aim: a human (heavily wounded)
You freeze the human.
The human is heavily wounded.
The human barely misses you. The human hits you!
* * * LOW HITPOINT WARNING * * *
There is a stone staircase leading up here.
The human hits you.
You die...

#.#.# #..##........#.........#.#
#.#.####..####.#.####..<.#....#.#
..#............#.####...รท........
#######.......................#..
..........###.##.####....#....#..
.........................#....#..
#.......#.##.#......#....#.##.#..
#.......#.........)......#.......
#.......##.....p@..............#.
+.......##...........<...........
#.......##....######...........#.
+.......+........# #....###.#..#.
#.......##....##.# #......#.#..#.
#......#.......#.###........#..#.
'......+................#...#..#.
#......#.#.............#.........
#......#.#..........#..........#.


You could see a human.

Vanquished Creatures
  An adder (D:2)
  An ooze (D:2)
  2 worms
  A dart slug (D:1)
  2 leopard geckos (D:1)
  A giant cockroach (D:1)
  9 goblins
  7 jackals
  2 kobolds (D:1)
  2 ball pythons (D:1)
  6 bats
  2 frilled lizards
  2 jackal skeletons (D:2)
  7 rats
45 creatures vanquished.

Notes
Turn   | Place    | Note
-------+----------+-------------------------------------------
     0 | D:1      | Tarasboulda the Merfolk Ice Elementalist began the quest for the Orb.
     0 | D:1      | Reached XP level 1. HP: 13/13 MP: 3/3
   211 | D:1      | Reached XP level 2. HP: 18/19 MP: 0/5
   360 | D:1      | Reached skill level 4 in Ice Magic
   596 | D:1      | Reached XP level 3. HP: 23/24 MP: 3/6
  1188 | D:2      | Found a sacrificial altar of Ru.
  1189 | D:2      | Found a white marble altar of Elyvilon.
  1716 | D:2      | Reached XP level 4. HP: 22/30 MP: 3/8
  1979 | D:2      | Found a runed door.
  1979 | D:2      | Noticed a human
  1981 | D:2      | Found a basalt altar of Yredelemnul.
  2386 | D:2      | Slain by a human

Skill      XL: |  1  2  3 |
---------------+----------+-----
Ice Magic      | 4 |  4.3
Dodging        | 3 |  3.3
Polearms       | |  0.2
Stealth        | |  2.6
Spellcasting   | |  2.7
Conjurations   | |  0.7

Action                   |  1- 3 |  4- 6 || total
-------------------------+-------+-------++-------
Melee: Unarmed           |    23 |    11 ||    34
       Tailslap          |     1 |       ||     1
       Dagger            |       |     7 ||     7
 Cast: Freeze            |    72 |    24 ||    96
 Abil: Evoke Berserk Rag |     1 |     1 ||     2
  Use: Scroll            |     3 |       ||     3
       Potion            |     1 |       ||     1
 Stab: Sleeping          |       |     1 ||     1
  Eat: Chunk             |     2 |       ||     2
       Ration            |     1 |     1 ||     2
Armor: Robe              |    15 |    11 ||    26
Dodge: Dodged            |    55 |    19 ||    74
Block: Buckler           |       |     6 ||     6
